Unix NetHack Version 5.0.0-0 post-release - last build May 17 2026 04:57:42 (dc50c8380fa5e20985bfe3072449f57b8d9895ef,branch:main).

Game began 2026-05-21 13:24:08, ended 2026-05-21 13:27:31.

BilldaCat, neutral male human Wizard

                                                          -..
                                                         .....
                                                        ..)...|
                                                       .........
                                                       .... .....
                                                       ..^.  ....|
                                                        ....  ...--
                                                        ....   ...--.
                                                        )@..    ..%...
                                                        ---     -.....
                                                              ---.....
                                                              .<.....
                                                              ----

BilldaCat the Evoker      St:12 Dx:12 Co:11 In:16 Wi:9 Ch:15  Neutral
Dlvl:4  $:67 HP:0(19) Pw:3(13) AC:9  Xp:2 T:340 

Latest messages:
 The kitten drops a towel.
 You descend the stairs.
 You climb up the stairs.
 You see here a towel.
 u - a towel.
 You descend the stairs.
 The kitten misses the dwarf.
 The dwarf wields a dagger!
 The kitten bites the dwarf.
 The dwarf thrusts her dagger at the kitten.
 The dwarf hits the kitten.
 The kitten is killed!
 In what direction? 4
 The spell hits the dwarf!
 You kill the dwarf!
 Welcome to experience level 2.
 What do you want to put on? [deu or ?*] ?
 Which ring-finger, Right or Left? [rl] l
 e - an uncursed ring of conflict (on left hand).
 The gnome lord picks up a hooded cloak.
 In what direction? 6
 The spell hits the gnome lord!
 You kill the gnome lord!
 You are hit by a crossbow bolt!
 You are hit by a crossbow bolt!
 Are you sure you want to pray? [yn] (n) y
 You begin praying to Thoth.
 You are surrounded by a shimmering light.
 You finish your prayer.
 You feel that Thoth is pleased.
 You feel much better.
 What do you want to drink? [fghpq or ?*] g
 Magical energies course through your body.
 In what direction? 2
 You feel a wrenching sensation.
 You descend the stairs.
 The dwarf thrusts his broad short sword.
 The dwarf hits!
 In what direction? 9
 The spell misses the dwarf.
 You miss the dwarf.
 The dwarf thrusts his broad short sword.
 The dwarf hits!
 What do you want to zap? [c or ?*] ?
 In what direction? .
 You are suddenly moving much faster.
 You climb up the stairs.
 You are hit by a crossbow bolt!
 You die...
 Do you want your possessions identified? [ynq] (y) q

Inventory:
 Coins    ('$')
  $ - 67 gold pieces
 Weapons  (')')
  a - a blessed +1 quarterstaff (weapon in hands)
 Armor    ('[')
  b - an uncursed +0 cloak of magic resistance (being worn)
 Scrolls  ('?')
  o - an uncursed scroll of remove curse
 Spellbooks  ('+')
  t - an uncursed spellbook of create monster
 Potions  ('!')
  p - an uncursed potion of fruit juice
  q - 2 uncursed potions of healing
  h - an uncursed potion of monster detection
  f - a blessed potion of object detection
 Rings    ('=')
  e - an uncursed ring of conflict (on left hand)
  d - an uncursed ring of polymorph control
 Wands    ('/')
  c - a wand of speed monster (0:5)
 Tools    ('(')
  n - a magic marker (0:21)
  u - an uncursed towel

BilldaCat the Wizard's attributes:

Background:
 You were an Evoker, a level 2 male human Wizard.
 You were neutral, on a mission for Thoth
 who was opposed by Ptah (lawful) and Anhur (chaotic).
 You were right-handed.
 You were in the Gnomish Mines, on level 4.
 You entered the dungeon 340 turns ago.
 You had 39 experience points, 1 more was needed to attain level 3.

Basics:
 You had 0 out of 19 hit points.
 You had 3 out of 13 energy points (spell power).
 Your armor class was 9.
 Your wallet contained 67 zorkmids.
 Autopickup was on for '$"?!/=' plus thrown, with exceptions.

Final Characteristics:
 Your strength was 12 (limit:18/100).
 Your dexterity was 12 (limit:18).
 Your constitution was 11 (limit:18).
 Your intelligence was 16 (limit:18).
 Your wisdom was 9 (limit:18).
 Your charisma was 15 (limit:18).

Final Status:
 You weren't hungry.
 You were unencumbered.
 You were wielding a quarterstaff.
 You had basic skill with quarterstaff.

Final Attributes:
 You were fervently aligned.
 You were magic-protected.
 You caused conflict.
 You were warded.
 You were very fast.
 You are dead.

Miscellaneous:
 You didn't encounter any bones levels.
 Total elapsed playing time was 3 minutes and 23 seconds.

Major events:
 Turn
    1: BilldaCat the neutral male human Wizard entered the dungeon
  287: entered the Gnomish Mines
  340: killed by a crossbow bolt

Spells:
 Name                 Level Category     Fail Retention
 force bolt             1   attack         0%  91%-100%
 detect monsters        1   divination     0%  76%-100%
 create monster         2   clerical      69%  76%-100%

Skills:
 Fighting Skills
   bare handed combat [Unskilled]
   riding             [Unskilled]
 Weapon Skills
   dagger             [Unskilled]
   knife              [Unskilled]
   axe                [Unskilled]
   short sword        [Unskilled]
   club               [Unskilled]
   mace               [Unskilled]
   quarterstaff       [Basic]
   polearms           [Unskilled]
   spear              [Unskilled]
   trident            [Unskilled]
   sling              [Unskilled]
   dart               [Unskilled]
   shuriken           [Unskilled]
 Spellcasting Skills
   attack spells      [Basic]
   healing spells     [Unskilled]
   divination spells  [Unskilled]
   enchantment spells [Basic]
   clerical spells    [Unskilled]
   escape spells      [Unskilled]
   matter spells      [Unskilled]

Voluntary challenges:
 Character rerolling was not enabled.
 You never genocided any monsters.
 You never polymorphed an object.
 You never changed form.
 You used no wishes.
Achievements:
 You entered a shop.
 You entered the Gnomish Mines.

 The Dungeons of Doom: levels 1 to 3
    Level 1:
    Level 2:
    Level 3:
       A general store.
       Stairs down to The Gnomish Mines.
 The Gnomish Mines: levels 4 to 5
    Level 4: <- You were here.
       Final resting place for
          you, killed by a crossbow bolt.
    Level 5:


Vanquished creatures:
  a gnome leader
  a kitten
  a dwarf
  a jackal
  2 foxes
  2 grid bugs
  a kobold zombie
  2 newts
11 creatures vanquished.

No species were genocided or became extinct.

Game over:
                       ----------
                      /          \
                     /    REST    \
                    /      IN      \
                   /     PEACE      \
                  /                  \
                  |    BilldaCat     |
                  |      67 Au       |
                  |   killed by a    |
                  |  crossbow bolt   |
                  |                  |
                  |                  |
                  |       2026       |
                 *|     *  *  *      | *
        _________)/\\_//(\/(/\)/\//\/|_)_______

Goodbye BilldaCat the Wizard...

You died in The Gnomish Mines on dungeon level 4 with 417 points,
and 67 pieces of gold, after 340 moves.
You were level 2 with a maximum of 19 hit points when you died.

